cohdb
Replays
Latest Replays
All Replays
Popular Replays
Top Player Replays
Match Explorer
How It Works
Community
CoH3 Stats
Reddit
Sign in to upload your games and track your stats! →
Sign in with Steam
Match 45480301
Unlisted
Match 45480301
Overview
Messages
Build Orders
End
Royal Engineer Section
Construct Section Command Post
Vickers Machine Gun Team
Selects Air and Sea Battlegroup
Infantry Section
Infantry Section
Construct Platoon Command Post
Infantry Section
Selects Supply Surplus
Selects UNKNOWN (223837)
6-pounder Anti-tank Gun Team
Construct Company Command Post
Crusader II Medium Tank
Selects Commando Section Paradrop
Selects M1 Pack Howitzer Paradrop
Commando Section Paradrop
Centaur IV Medium Tank
Infantry Section
Grenade Package
Infantry Section
Construct Field Infirmary
Iksu
Sad Pepe
0
0
Comments
sign in to comment!
No comments posted yet!